AoeStats
← Horizon

Fortress

510122786Analyzed
4v4 RM · 2d ago on Sep 29, 2026· 51m 28s· 8 players
Game mode
Random Map
Map size
Huge
Population
200
Speed
Normal
Resources
Standard
Victory
Conquest
Starting age
Dark Age
Ending age
Imperial Age
RankedLock teamsTeams togetherTeam positionsShared explorationLock speedFull tech treeHidden civsTurbo modeCheats
Victory
Defeat
🇹🇼 Bohemians · Taiwan
1583
+12
🇹🇼 Bengalis · Taiwan
1555
+13
🇹🇼 Danes · Taiwan
1540
+14
🇵🇰 Celts · Pakistan
1505
+15
🇨🇳 Hindustanis · China
1521
-14
🇨🇦 Italians · Canada
1493
-14
🇩🇪 Saracens · Germany
1474
-13
🇫🇷 Persians · France
1472
-13
enzoyin68
7:27 Feudal Age
8:16 Double-Bit Axe
11:06 Castle Age
9:12 Horse Collar
12:11 Bow Saw
12:02 Heavy Plow
17:48 Wheelbarrow
20:22 Hand Cart
20:15 Grand Trunk Road
21:18 Hand Cart
22:19 Gold Mining
22:19 Stone Mining
23:13 Scale Barding Armor
25:56 Imperial Age
23:14 Loom
23:54 Forging
25:18 Chain Barding Armor
25:34 Iron Casting
25:23 Chain Barding Armor
25:40 Husbandry
26:33 Bloodlines
26:01 Heavy Camel Rider
27:43 Blast Furnace
28:05 Two-Man Saw
27:42 Gold Shaft Mining
27:42 Stone Shaft Mining
27:44 Conscription
28:08 Plate Barding Armor
29:08 Chemistry
28:14 Siege Engineers
28:29 Padded Archer Armor
28:42 Squires
28:23 Imperial Camel Rider
29:47 Scale Mail Armor
30:04 Shatagni
31:09 Masonry
32:03 Chain Mail Armor
31:10 Elite Ghulam
33:18 Leather Archer Armor
33:40 Arson
33:52 Elite Skirmisher
34:52 Caravan
34:35 Light Cavalry
36:45 Hussar
42:41 Ring Archer Armor
48:26 Coinage
AlzzStriker
7:28 Feudal Age
11:16 Castle Age
9:20 Double-Bit Axe
9:17 Horse Collar
12:28 Heavy Plow
18:51 Bow Saw
19:29 Stone Mining
21:34 Wheelbarrow
21:08 Fletching
21:39 Gold Mining
21:36 Loom
22:19 Padded Archer Armor
23:24 Ballistics
23:05 Treadmill Crane
24:10 Hand Cart
23:40 Town Watch
23:54 Bodkin Arrow
24:13 Masonry
28:28 Imperial Age
27:30 Leather Archer Armor
30:10 Chemistry
29:55 Hoardings
29:42 Bracer
30:13 Ring Archer Armor
29:33 Elite Genoese Crossbowman
31:49 Conscription
31:59 Caravan
32:24 Silk Road
34:08 Crop Rotation
34:44 Two-Man Saw
33:23 Capped Ram
35:40 Onager
41:05 Coinage
46:25 Banking
Erg_Raider
7:18 Feudal Age
11:15 Castle Age
9:16 Double-Bit Axe
9:34 Horse Collar
12:03 Heavy Plow
13:44 Loom
18:58 Wheelbarrow
22:12 Scale Barding Armor
22:18 Forging
22:25 Fortified Wall
23:57 Hand Cart
28:24 Imperial Age
27:30 Husbandry
27:41 Bloodlines
28:12 Light Cavalry
29:14 Chain Barding Armor
29:29 Iron Casting
29:27 Gold Mining
29:27 Stone Mining
29:12 Elite Mameluke
31:27 Plate Barding Armor
31:58 Conscription
32:40 Blast Furnace
32:46 Bow Saw
33:54 Gold Shaft Mining
35:25 Chemistry
34:45 Ballistics
37:30 Hussar
39:33 Caravan
41:54 Onager
46:43 Two-Man Saw
45:44 Siege Onager
46:31 Siege Engineers
46:37 Masonry
47:27 Counterweights
JOK3R_LSR
7:20 Feudal Age
11:16 Castle Age
9:53 Double-Bit Axe
9:59 Horse Collar
12:05 Bow Saw
12:32 Loom
18:25 Wheelbarrow
20:45 Scale Barding Armor
20:51 Forging
21:18 Bloodlines
24:18 Husbandry
25:58 Hand Cart
29:24 Imperial Age
27:45 Chain Barding Armor
29:26 Iron Casting
29:02 Cavalier
30:20 Plate Barding Armor
30:45 Savar
35:17 Blast Furnace
36:24 Caravan
38:49 Light Cavalry
43:19 Hussar
Emily001
6:58 Feudal Age
8:38 Double-Bit Axe
8:35 Horse Collar
11:28 Castle Age
12:15 Horse Collar
13:05 Bow Saw
14:17 Wheelbarrow
15:23 Loom
18:45 Heavy Plow
25:33 Imperial Age
24:20 Hand Cart
24:11 Scale Mail Armor
24:21 Forging
25:18 Chemistry
24:35 Town Watch
25:11 Chain Mail Armor
24:23 Pikeman
25:04 Squires
24:49 Arson
26:44 Iron Casting
27:12 Plate Mail Armor
26:29 Halberdier
28:56 Blast Furnace
30:00 Two-Man Saw
29:36 Siege Engineers
29:39 Houfnice
34:52 Padded Archer Armor
34:56 Capped Ram
36:38 Ballistics
36:35 Leather Archer Armor
41:10 Ring Archer Armor
43:09 Caravan
47:28 Elite Skirmisher
咖啡冷靜啲
7:36 Feudal Age
11:12 Castle Age
9:22 Horse Collar
9:50 Double-Bit Axe
12:28 Bow Saw
12:27 Heavy Plow
13:06 Wheelbarrow
15:36 Loom
17:59 Hand Cart
19:31 Gold Mining
20:14 Loom
24:42 Imperial Age
22:50 Fletching
23:06 Stone Mining
23:41 Paiks
23:11 Elite Skirmisher
24:54 Bodkin Arrow
25:21 Town Watch
25:37 Bracer
26:01 Ballistics
26:43 Gold Shaft Mining
26:54 Padded Archer Armor
28:01 Caravan
29:20 Chemistry
29:14 Fortified Wall
29:11 Siege Engineers
30:25 Leather Archer Armor
30:54 Conscription
30:08 Elite Elephant Archer
34:52 Ring Archer Armor
38:40 Mahayana
41:47 Crop Rotation
42:19 Two-Man Saw
43:27 Bloodlines
43:17 Husbandry
45:33 Light Cavalry
47:26 Masonry
49:06 Elite Ratha (Ranged)
51:08 Scale Barding Armor
51:13 Forging
肉肉小狗
6:41 Feudal Age
10:21 Castle Age
8:38 Double-Bit Axe
8:53 Horse Collar
11:41 Bow Saw
12:33 Wheelbarrow
19:06 Gold Mining
22:09 Hand Cart
23:03 Loom
23:32 Scale Mail Armor
23:42 Forging
26:05 Imperial Age
23:25 Pikeman
24:05 Squires
24:50 Scale Mail Armor
25:26 Iron Casting
25:27 Fervor
25:47 Sanctity
25:28 Town Watch
25:31 Gambesons
25:33 Arson
26:09 Masonry
26:25 Chain Mail Armor
27:23 Block Printing
27:38 Conscription
28:06 Illumination
28:08 Town Patrol
28:52 Plate Mail Armor
27:56 Halberdier
29:38 Blast Furnace
29:32 Theocracy
29:09 Hamask
30:56 Gold Shaft Mining
30:11 Stone Mining
29:48 Onager
31:05 Siege Engineers
30:52 Fletching
31:30 Ballistics
32:10 Chemistry
32:02 Siege Onager
33:08 Bodkin Arrow
32:57 Northmen's Fury
33:56 Caravan
34:43 Devotion
35:17 Bracer
36:27 Heavy Plow
37:31 Padded Archer Armor
38:09 Murder Holes
45:56 Stone Shaft Mining
44:49 Capped Ram
45:50 Siege Ram
47:49 Hoardings
50:30 Man-at-Arms
Horizon
7:36 Feudal Age
8:43 Double-Bit Axe
11:40 Castle Age
9:24 Horse Collar
10:35 Gold Mining
12:57 Bow Saw
12:48 Heavy Plow
17:48 Scale Mail Armor
20:52 Loom
25:55 Wheelbarrow
26:29 Town Watch
29:53 Imperial Age
27:36 Pikeman
28:30 Stone Mining
29:21 Hand Cart
30:04 Chain Mail Armor
29:59 Forging
29:55 Halberdier
30:57 Conscription
31:36 Plate Mail Armor
32:42 Iron Casting
33:29 Fletching
34:14 Caravan
34:44 Coinage
35:02 Siege Engineers
35:08 Masonry
34:49 Heated Shot
36:20 Blast Furnace
35:35 Heavy Scorpion
37:25 Banking
36:47 Capped Ram
40:04 Siege Ram
42:57 Murder Holes
44:03 Chemistry
43:00 Bodkin Arrow
50:32 Guilds
Connection lost

Rejoining the realm…

Still unreachable

The connection could not be restored.

Session expired

The server has moved on; the page needs a fresh start.